 Dungeon Crawl Stone Soup version 0.29-a0-284-gf9362112df (webtiles) character file.

Game seed: 2747611825619196029

1164 spaghetti the Covert (level 8, -1/52 HPs)
             Began as an Octopode Cinder Acolyte on Mar 22, 2022.
             Was a Believer of Ignis.
             Slain by a gnoll
             ... wielding a +0 halberd
              (8 damage)
             ... on level 6 of the Dungeon.
             The game lasted 00:08:28 (6711 turns).

spaghetti the Covert (Octopode Cinder Acolyte)      Turns: 6711, Time: 00:08:28

Health: -1/52      AC:  1    Str: 13    XL:     8   Next: 40%
Magic:  9/9        EV: 14    Int: 16    God:    Ignis [**....]
Gold:   234        SH:  0    Dex: 10    Spells: 9/9 levels left

rFire   + + .      SeeInvis +   f - +2 short sword (venom) {short}
rCold   . . .      Faith    .   (no shield)
rNeg    . . .      Spirit   .   (helmet restricted)
rPois   .          Reflect  .   (no amulet)
rElec   .          Harm     .   q - ring of protection from fire
rCorr   .          Rampage  .   r - ring of see invisible
Will    .....                   C - ring of flight
Stlth   ++++++....              (no ring)
HPRegen 0.17/turn               (no ring)
MPRegen 0.11/turn               (no ring)
                                (no ring)
                                (no ring)

@: rising, flying
A: almost no armour, amphibious, 8 rings, camouflage 1, gelatinous body 1,
(nimble swimmer 1), tentacles
a: Renounce Religion, Fiery Armour, Foxfire Swarm


You were on level 6 of the Dungeon.
You worshipped Ignis.
Ignis was pleased with you.
You visited 1 branch of the dungeon, and saw 6 of its levels.

You collected 234 gold pieces.


Innate Abilities, Weirdness & Mutations

You cannot wear most types of armour.
You are amphibious.
You can wear up to eight rings at the same time.
Your skin changes colour to match your surroundings (Stealth+).
Your rubbery body absorbs attacks. (AC +1, EV +1)
((You are camouflaged when in or above water. (Stealth+)))
You have tentacles for arms and can constrict up to eight enemies at once.


   Skills:
 - Level 3.0 Fighting
 - Level 3.0 Short Blades
 + Level 4.5 Dodging
 - Level 11.9 Stealth
 - Level 1.0 Spellcasting
 - Level 3.0 Fire Magic


You had 9 spell levels left.
You didn't know any spells.
Your spell library contained the following spells:

 Spells                   Type           Power      Damage    Failure   Level
 Scorch                   Fire           20%        2d6       10%         2
 Shock                    Conj/Air       0%         1d3       22%         1
 Sublimation of Blood     Necr           0%         N/A       34%         2
 Swiftness                Air            0%         N/A       56%         3
 Airstrike                Air            0%         N/A       92%         4
 Petrify                  Tmut/Erth      0%         N/A       92%         4
 Irradiate                Conj/Tmut      0%         3d14      99%         5

Inventory:

Hand Weapons
 a - a -1 short sword of flaming {short}
 c - a +0 short sword {short}
   (You found it on level 1 of the Dungeon)
 f - a +2 short sword of venom (weapon) {short}
   (You took it off a kobold on level 1 of the Dungeon)
Missiles
 g - 139 stones (quivered) {throwing}
 h - 9 poisoned darts {throwing}
 v - 7 boomerangs {throwing}
Magical Staves
 d - a staff of earth {!astaff}
   (You acquired it on level 2 of the Dungeon)
Jewellery
 q - a ring of protection from fire (left tentacle)
   (You found it on level 2 of the Dungeon)
 r - a ring of see invisible (right tentacle)
   (You found it on level 3 of the Dungeon)
 C - a ring of flight (on tentacle)
   (You found it on level 5 of the Dungeon)
Wands
 i - a wand of paralysis (2)
   (You found it on level 2 of the Dungeon)
Scrolls
 e - 3 scrolls of fear
 j - 3 scrolls of blinking {!r}
 k - 3 scrolls of vulnerability {!r!r}
 n - 6 scrolls of teleportation {@r4}
 t - 2 scrolls of identify {@r1}
 u - 3 scrolls of enchant weapon {unknown}
 x - a scroll of torment {unknown}
 y - a scroll of enchant armour {unknown}
 A - 2 scrolls of immolation {unknown}
 B - a scroll of silence {unknown}
Potions
 b - a potion of heal wounds {unknown}
 l - 2 potions of degeneration {unknown}
 m - a potion of curing {unknown}
 o - 2 potions of haste {unknown}
 p - a potion of brilliance {unknown}
 s - a potion of berserk rage {unknown}
 w - a potion of resistance {unknown}
 z - a potion of magic {unknown}
 D - a potion of attraction {unknown}
 E - a potion of invisibility {unknown}

Dungeon Overview and Level Annotations

Branches:
Dungeon (6/15)
 Temple: D:4-7

Altars:
Fedhas
Trog
Yredelemnul
Zin

##.Pā‰ˆPā‰ˆ..#
#.P.....#
#.......#
####.##.#
#.##.### #.##...#
#. #.###
###.##.##########
#...........).@)#
#.#.#.####)#.##h#
#... #.#.# g#
#.#. #...# .#
..... ##### .#
..# #h .# ## ##
##


You could see a hound and a gnoll.


Message History

šŸ˜® HP[+1]
You hit the gnoll.
You kill the gnoll!
Your Dodging skill increases to level 4!
You start resting. šŸ˜Ž HP[+25]
Your hp is fully restored (52).
You fly downwards.
There is a stone staircase leading up, spattered with blood here.
Things that are here:
a +0 leather armour; a +0 whip {mace} The gnoll misses you.
You hit the gnoll.
The gnoll is poisoned.
Your grab misses the gnoll. The gnoll misses you.
You hit the gnoll. You grab the gnoll. You squeeze the gnoll.
You kill the gnoll!
Found an escape hatch in the floor.
You see here a +0 scythe {polearm}.
There is an open door here.
k - 3 scrolls of vulnerability {!r!r} (gained 2)
There is an open door here.
Key pressed, stopping explore.
E - a fizzy red potion
t - 2 scrolls of identify {@r1} (gained 1)
You now have 234 gold pieces (gained 21).
A gnoll sergeant and a gnoll come into view.
The gnoll sergeant is wielding a +4 vorpal spear and quivering poisoned darts.
A hound comes into view.
The gnoll moves out of view.
The gnoll sergeant shouts!
The gnoll shouts!
You hear a shout!
The gnoll barely misses you.
The gnoll sergeant completely misses you.
You hit the gnoll.
The gnoll is poisoned.
Your grab misses the gnoll. The gnoll closely misses you.
The gnoll sergeant hits you with a +4 vorpal spear. šŸ˜• HP[-7]
You take 7 damage, and now have 45/52 hp.
You puncture the gnoll sergeant! Your grab misses the gnoll sergeant.
The gnoll hits you with a +0 club.
The gnoll sergeant hits you with a +4 vorpal spear! šŸ˜® HP[-14]
You take 14 damage, and now have 31/52 hp.
MASSIVE DAMAGE!! (PAUSE)
You hit the gnoll sergeant but do no damage.
The gnoll sergeant is poisoned.
You grab the gnoll sergeant. You squeeze the gnoll sergeant!
You constrict the gnoll sergeant. The gnoll hits you with a +0 club.
The gnoll sergeant misses you. šŸ˜® HP[-3]
You take 3 damage, and now have 28/52 hp.
You hit the gnoll.
The gnoll looks as sick as possible!
You grab the gnoll. You constrict the gnoll sergeant.
You kill the gnoll sergeant!
You constrict the gnoll, but do no damage.
You kill the gnoll!
A gnoll comes into view. It is wielding a +0 spear.
The gnoll closely misses you. The gnoll hits you with a +0 spear.
* * * LOW HITPOINT WARNING * * *
The hound barks! šŸ˜Ø HP[-2]
You take 2 damage, and now have 26/52 hp.
You barely miss the gnoll. You grab the gnoll. You constrict the gnoll.
You hear a shout!
The gnoll hits you with a +0 spear.
* * * LOW HITPOINT WARNING * * *
The hound closely misses you. šŸ˜Ø HP[-3]
You take 3 damage, and now have 23/52 hp.
You hit the gnoll.
The gnoll is poisoned.
You constrict the gnoll. The hound barely misses you.
The gnoll hits you with a +0 spear.
* * * LOW HITPOINT WARNING * * *
šŸ˜Ø HP[-3]
You take 3 damage, and now have 20/52 hp.
You barely miss the hound. Your grab misses the hound. You squeeze the hound.
You constrict the gnoll.
You kill the gnoll!
The hound bites you.
* * * LOW HITPOINT WARNING * * *
The hound completely misses you.
A gnoll comes into view.
It is wielding a +0 halberd. šŸ˜Ø HP[-1]
You take 1 damage, and now have 19/52 hp.
The gnoll shouts!
You hit the hound. Your grab misses the hound. The hound bites you.
* * * LOW HITPOINT WARNING * * *
šŸ˜Ø HP[-5]
You take 5 damage, and now have 14/52 hp.
You barely miss the hound. You grab the hound. You squeeze the hound.
You constrict the hound. The hound bites you.
* * * LOW HITPOINT WARNING * * *
The hound bites you.
* * * LOW HITPOINT WARNING * * *
šŸ˜± HP[-7]
You take 7 damage, and now have 7/52 hp.
Okay, then.
Okay, then.
You begin to rise into the air.
You constrict the hound. The hound closely misses you.
The gnoll hits you from afar with a +0 halberd!
You die...

Skill      XL: |  1  2  3  4  5  6  7  8 |
---------------+-------------------------+-----
Stealth        | 2 3 5 6 8 10 11 | 11.9
Dodging        | 1 4 |  4.5
Fighting       | |  3.0
Short Blades   | |  3.0
Spellcasting   | |  1.0
Fire Magic     | |  3.0

Action                   |  1- 3 |  4- 6 |  7- 9 || total
-------------------------+-------+-------+-------++-------
Melee: Short sword       |    61 |    92 |    81 ||   234
       Constrict         |    13 |    31 |    21 ||    65
       Tentacles         |     6 |    26 |    17 ||    49
       Punch             |       |     1 |     1 ||     2
Throw: Stone             |       |       |     4 ||     4
Invok: Foxfire Swarm     |       |     4 |     2 ||     6
       Rising Flame      |       |       |     1 ||     1
Evoke: Wand              |       |     5 |     1 ||     6
  Use: Scroll            |       |     7 |       ||     7
 Stab: Sleeping          |    11 |     9 |     3 ||    23
       Paralysed         |       |     2 |     1 ||     3
Armor: Skin              |     8 |     3 |     6 ||    17
Dodge: Dodged            |    34 |    67 |    69 ||   170

Levels and vault maps discovered:
D:1:      matt_arrival_diagonals, layout_loops_cross, basic_ecumenical_altar
D:2:      layout_loops_cross, basic_altar, uniq_robin, uniq_terence
D:3:      layout_basic, mainiacjoe_overflow_chevrons, lightli_corner_chamber
D:4:      layout_rooms, mainiacjoe_overflow_alcove_1, kennysheep_donut
D:5:      layout_basic, mainiacjoe_overflow_alcove_4
D:6:      layout_basic, mainiacjoe_overflow_boulevard, dreamdust_gnoll_farm

Notes
Turn   | Place    | Note
-------+----------+-------------------------------------------
     0 | D:1      | spaghetti the Octopode Cinder Acolyte began the quest for
                  | the Orb.
     0 | D:1      | Reached XP level 1. HP: 16/16 MP: 2/2
     0 | D:1      | magus.rc [v1.9.6]
    93 | D:1      | Reached skill level 1 in Stealth
   186 | D:1      | Reached skill level 2 in Stealth
   302 | D:1      | Reached XP level 2. HP: 18/21 MP: 3/3
   729 | D:1      | Reached skill level 3 in Stealth
   957 | D:1      | Found a faded altar of an unknown god.
  1065 | D:1      | Reached XP level 3. HP: 22/26 MP: 4/4
  1186 | D:1      | Reached skill level 4 in Stealth
  1290 | D:2      | Noticed Terence
  1300 | D:2      | Killed Terence
  1301 | D:2      | Reached skill level 5 in Stealth
  1433 | D:2      | You pick up a book of Alchemy and begin reading...
  1433 | D:2      | You add the spells Sublimation of Blood, Petrify and
                  | Irradiate to your library.
  1440 | D:2      | Reached XP level 4. HP: 31/31 MP: 5/5
  1461 | D:2      | Found a bloodstained altar of Trog.
  1473 | D:2      | You pick up a book of Air and begin reading...
  1473 | D:2      | You add the spells Shock, Swiftness and Airstrike to your
                  | library.
  1688 | D:2      | Identified a scroll of acquirement
  1692 | D:2      | Acquired a staff of earth
  2039 | D:2      | Identified the +5 helmet of Shadows and Fog {rPois rC+
                  | Slay-5 SInv}
  2039 | D:2      | Noticed Robin
  2045 | D:2      | Reached skill level 6 in Stealth
  2052 | D:2      | Killed Robin
  2054 | D:2      | HP: 7/31 [hobgoblin[Robin] (2)]
  2078 | D:2      | HP: 4/31 [quokka (4)]
  2080 | D:2      | HP: 1/31 [quokka (1)]
  2082 | D:2      | Reached XP level 5. HP: 2/36 MP: 6/6
  2524 | D:3      | Reached skill level 7 in Stealth
  2754 | D:3      | Found a basalt altar of Yredelemnul.
  3274 | D:3      | Reached skill level 8 in Stealth
  3278 | D:3      | Reached XP level 6. HP: 27/42 MP: 7/7
  3658 | D:4      | HP: 8/42 [gnoll/+0 club (4)]
  3661 | D:4      | HP: 2/42 [gnoll/+0 spear (4)]
  3663 | D:4      | Reached skill level 9 in Stealth
  4153 | D:4      | Reached skill level 10 in Stealth
  4153 | D:4      | Reached XP level 7. HP: 41/46 MP: 8/8
  4546 | D:5      | Entered Level 5 of the Dungeon
  4696 | D:5      | Reached skill level 11 in Stealth
  4959 | D:4      | Found a blossoming altar of Fedhas.
  5144 | D:5      | Found a glowing silver altar of Zin.
  5245 | D:5      | Reached skill level 1 in Dodging
  5245 | D:5      | Reached XP level 8. HP: 52/52 MP: 9/9
  5288 | D:5      | Reached skill level 2 in Dodging
  5526 | D:5      | Reached skill level 3 in Dodging
  6504 | D:5      | Reached skill level 4 in Dodging
  6710 | D:6      | HP: 8/52 [hound (6)]
  6711 | D:6      | Slain by a gnoll

Vanquished Creatures
  A black bear (D:5)
  A sky beast (D:5)
  An ogre (D:4)
  A centaur (D:5)
  A phantom (D:4)
  A gnoll sergeant (D:6)
  2 howler monkeys
  3 hounds (D:5)
  A jelly (D:5)
  2 orc priests (D:3)
  2 iguanas (D:5)
  Terence (D:2)
  4 orc wizards
  Robin (D:2)
  3 adders
  8 gnolls
  An ufetubus (D:5)
  3 worms
  A dart slug (D:4)
  14 orcs
  13 ball pythons
  2 endoplasms
  4 giant cockroaches
  11 goblins
  10 hobgoblins
  6 jackals
  8 kobolds
  A quokka (D:2)
  5 bats
  5 frilled lizards
  4 rats
121 creatures vanquished.

Vanquished Creatures (others)
  94 foxfires
  5 fungi (D:6)
99 creatures vanquished.

Grand Total: 220 creatures vanquished

Table legend:
 A = Non-vault XP
 B = Vault XP
 C = Vault XP percentage of total XP
 D = Non-vault monster count
 E = Vault monster count
 F = Vault count percentage of total count
                 A         B        C        D         E       F
            +---------+---------+-------+---------+---------+-------
      Total |    1522 |     142 |   8.5 |     108 |      13 |  10.7
            +---------+---------+-------+---------+---------+-------
        D:1 |      40 |       0 |   0.0 |      26 |       0 |   0.0
        D:2 |      58 |      70 |  54.7 |      22 |      10 |  31.2
        D:3 |     183 |       0 |   0.0 |      15 |       0 |   0.0
        D:4 |     457 |       0 |   0.0 |      25 |       0 |   0.0
        D:5 |     672 |      57 |   7.8 |      16 |       2 |  11.1
        D:6 |     112 |      15 |  11.8 |       4 |       1 |  20.0
            +---------+---------+-------+---------+---------+-------

Illustrated notes

Table legend:
 A = Kills in this place as a percentage of kills in entire the game.
 B = Kills by you in this place as a percentage of kills by you in the entire game.
 C = Kills by friends in this place as a percentage of kills by friends in the entire game.
 D = Other kills in this place as a percentage of other kills in the entire game.
 E = Experience gained in this place as a percentage of experience gained in the entire game.
 F = Experience gained in this place divided by the number of levels of this place that you have seen.
                   A       B       C       D       E      F
               +-------+-------+-------+-------+-------+----------------------
         Total | 100.0 | 100.0 |   N/A |   N/A | 100.0 | 277.3
       Dungeon | 100.0 | 100.0 |   N/A |   N/A | 100.0 | 277.3
               +-------+-------+-------+-------+-------+----------------------

Table legend: (Time is in decaauts)
 A = Elapsed time spent in this place.
 B = Non-inter-level travel time spent in this place.
 C = Inter-level travel time spent in this place.
 D = Time resting spent in this place.
 E = Time spent auto-exploring this place.
 F = Levels seen in this place.
 G = Mean time per level.
                   A        B        C        D        E       F      G
               +--------+--------+--------+--------+--------+-----+--------+
         Total |   6707 |   6514 |    193 |   3036 |   2684 |   6 | 1117.8 |
       Dungeon |   6707 |   6514 |    193 |   3036 |   2684 |   6 | 1117.8 |
               +--------+--------+--------+--------+--------+-----+--------+

Top non-repeatable levels by time:
     D:5: 1836 daAuts
     D:1: 1291 daAuts
     D:4: 1206 daAuts
     D:2: 1201 daAuts
     D:3: 1096 daAuts
     D:6: 75 daAuts
